 Dungeon Crawl Stone Soup version 0.16-a0-1333-g4c30825 (webtiles) character file.

43 foonesh the Sneak (level 3, -10/24 HPs)
             Began as an Octopode Assassin on Oct 16, 2014.
             Was an Initiate of Trog.
             Mangled by Menkaure (15 damage)
             ... on level 4 of the Dungeon.
             The game lasted 00:04:33 (1651 turns).

foonesh the Sneak (Octopode Assassin)               Turns: 1651, Time: 00:04:33

Health: -10/24     AC:  1    Str: 10    XL:     3   Next: 58%
Magic:  1/3        EV: 12    Int: 13    God:    Trog [......]
Gold:   89         SH:  0    Dex: 14    Spells: 0 memorised, 2 levels left

rFire  + . .     SeeInvis .     i - +2 dagger (drain)
rCold  x . .     Clarity  .     (no shield)
rNeg   . . .     SustAb   .     (helmet restricted)
rPois  .         Gourm    .     (no amulet)
rElec  .         Spirit   .     q - ring of fire
rCorr  .         Warding  .     n - ring of invisibility
rMut   .         Stasis   .     (no ring)
MR     .....                    (no ring)
Stlth  +++++.....               (no ring)
                                (no ring)
                                (no ring)
                                (no ring)

@: very slightly contaminated, invisible, not resistant to hostile enchantments,
quite stealthy
A: almost no armour, amphibious, 8 rings, constrict 8, camouflage 1, gelatinous
body 1
a: Burn Spellbooks, Renounce Religion, Turn Visible


You were on level 4 of the Dungeon.
You worshipped Trog.
Trog was noncommittal.
You were hungry.

You visited 1 branch of the dungeon, and saw 4 of its levels.

You collected 89 gold pieces.

Inventory:

Hand weapons
 a - a +2 dagger
 b - a +0 blowgun
 i - a +2 dagger of draining (weapon)
 r - a +2 dagger of pain
Missiles
 e - 21 poisoned needles
 f - 2 curare-tipped needles
Jewellery
 n - a ring of invisibility (right tentacle)
 q - a ring of fire (left tentacle)
Scrolls
 c - 2 scrolls of enchant armour {unknown}
 j - 3 scrolls of teleportation {unknown}
 k - a scroll of noise {unknown}
 l - a scroll of remove curse {unknown}
 p - a scroll of recharging {unknown}
 t - 2 scrolls of identify {unknown}
 v - a scroll of fog {unknown}
Potions
 d - a potion of degeneration {unknown}
 m - a potion of curing {unknown}
 s - 2 potions of heal wounds {unknown}
 u - a potion of might {unknown}
 w - a potion of porridge
Comestibles
 g - 3 bread rations
 h - 3 slices of pizza
 o - 2 fruits


   Skills:
 - Level 2.0 Fighting
 + Level 3.3 Short Blades
 - Level 2.0 Throwing
 - Level 1.0 Dodging
 - Level 6.0 Stealth


You had 2 spell levels left.
You didn't know any spells.

Dungeon Overview and Level Annotations

Branches:
Dungeon (4/15)
 Temple: D:4-7

Altars:
Trog

Annotations:
D:3 Grinder
D:4 Menkaure


Innate Abilities, Weirdness & Mutations

You cannot wear most types of armour.
You are amphibious.
You can wear up to eight rings at the same time.
You can use your tentacles to constrict many enemies at once.
Your skin changes colour to match your surroundings (Stealth).
Your rubbery body absorbs attacks (AC +1).


Message History

You barely miss Menkaure. You grab Menkaure.
You squeeze Menkaure, but do no damage.
You constrict Menkaure, but do no damage.
Menkaure barely misses you.
You completely miss Menkaure.
You constrict Menkaure, but do no damage.
Menkaure closely misses you.
You hit Menkaure. You squeeze Menkaure.
Menkaure is moderately damaged.
You constrict Menkaure. Menkaure barely misses you.
You barely miss Menkaure.
Menkaure is moderately damaged.
You constrict Menkaure. Menkaure hits you!!
Ouch! That really hurt!
* * * LOW HITPOINT WARNING * * *
You barely miss Menkaure.
Menkaure is moderately damaged.
You constrict Menkaure. Menkaure hits you!
Ouch! That really hurt!
You die...

#.##.#
#..#.##.#######..♣♣♣
#..... .............♣♣
### # ..#####..≈♣♣P
##..P♣P≈PP≈≈
##..♣≈≈≈≈≈≈P
#..♣≈≈PP≈≈≈≈≈
###..♣PP≈≈≈P≈≈
###.#####......(......
....)..M@....≈≈≈≈≈≈≈≈≈
###.#####...♣≈P≈≈≈≈≈≈≈
#...≈≈≈≈≈≈≈≈≈
#...♣≈≈≈P≈≈♣♣
#...≈≈≈≈≈≈≈♣
#...♣≈≈≈≈≈P♣
#...#♣≈≈♣♣♣ #...# ≈≈♣
#...# #≈


You could see Menkaure.

Vanquished Creatures
  A worm (D:2)
  3 giant geckos
  A ball python (D:2)
  2 giant cockroaches
  4 hobgoblins
  3 bats
  3 giant newts
  4 goblins
  A hobgoblin skeleton (D:4)
  5 kobolds
  2 quokkas (D:2)
  5 rats (D:1)
34 creatures vanquished.

Notes
Turn   | Place    | Note
--------------------------------------------------------------
     0 | D:1      | foonesh, the Octopode Assassin, began the quest for the Orb.
     0 | D:1      | Reached XP level 1. HP: 14/14 MP: 1/1
   373 | D:1      | Reached XP level 2. HP: 13/19 MP: 2/2
   391 | D:1      | Reached skill level 6 in Stealth
   932 | D:2      | Reached XP level 3. HP: 21/24 MP: 3/3
  1041 | D:2      | Found a bloodstained altar of Trog.
  1165 | D:2      | Became a worshipper of Trog the Wrathful
  1403 | D:3      | Noticed Grinder
  1406 | D:3      | Paralysed by Grinder for 2 turns
  1614 | D:4      | Noticed Menkaure
  1651 | D:4      | Mangled by Menkaure

Action                   || total
-------------------------++-------
Melee: Dagger            ||    67
 Abil: Evoke Invisibilit ||     1
 Stab: Sleeping          ||    10
       Distracted        ||     1
  Eat: Fruit             ||     2
